 Dungeon Crawl Stone Soup version 0.18-a0-1788-g92de1ac (webtiles) character file.

37 Etesian the Insei (level 3, 24/27 HPs)
             Began as a Merfolk Transmuter on Apr 21, 2016.
             Quit the game on level 2 of the Dungeon.
             The game lasted 00:03:52 (2130 turns).

Etesian the Insei (Merfolk Transmuter)              Turns: 2130, Time: 00:03:53

Health: 24/27      AC:  3    Str: 10    XL:     3   Next: 41%
Magic:  6/6        EV: 13    Int: 13    God:
Gold:   112        SH:  0    Dex: 14    Spells: 1 memorised, 5 levels left

rFire  . . .     SeeInvis .       - Unarmed
rCold  . . .     Gourm    .     b - +0 robe
rNeg   . . .     Faith    .     (no shield)
rPois  .         Spirit   .     (no helmet)
rElec  .         Dismiss  .     (no cloak)
rCorr  .         Reflect  .     (no gloves)
SustAt .         Harm     .     (no boots)
MR     .....                    (no amulet)
Stlth  +.........               (no ring)
                                (no ring)

@: not resistant to hostile enchantments, very unstealthy
A: change form in water, swift swim, slimy green scales 1, deformed body,
deterioration 1, wild magic 1
a: no special abilities


You were on level 2 of the Dungeon.
You were not hungry.

You visited 1 branch of the dungeon, and saw 2 of its levels.

You collected 112 gold pieces.

Inventory:

Missiles
 a - 12 arrows
Armour
 b - a +0 robe (worn)
Potions
 g - 2 potions of haste
 h - a potion of invisibility {unknown}
 k - a potion of heal wounds
Books
 c - a book of Changes

   Spells                             Type                      Level
   a - Beastly Appendage              Transmutation                1
   b - Sticks to Snakes               Transmutation                2
   c - Spider Form                    Transmutation/Poison         3
   d - Ice Form                       Ice/Transmutation            4
   e - Blade Hands                    Transmutation                5
Comestibles
 d - 2 bread rations
 i - a meat ration
 j - a chunk of flesh


   Skills:
 + Level 1.9 Fighting
 + Level 3.4 Dodging
 * Level 3.7 Unarmed Combat
 + Level 2.1 Spellcasting
 * Level 3.1 Transmutations


You had 5 spell levels left.
You knew the following spells:

 Your Spells              Type           Power        Failure   Level  Hunger
a - Beastly Appendage     Trmt           ##....       14%         1    ##.....


Dungeon Overview and Level Annotations

Branches:
Dungeon (2/15)

Altars:
Ru
Zin


Innate Abilities, Weirdness & Mutations

You revert to your normal form in water.
You are very nimble and swift while swimming.
You are partially covered in slimy green scales (AC +2).
Armour fits poorly on your strangely shaped body.
Your body sometimes deteriorates upon taking damage.
Your spells are a little harder to cast, but a little more powerful.


Message History

As you read the scroll labeled IXKOFIV VIXI, it crumbles to dust.
It is a scroll of identify.
Identify which item? (\ to view known items) (? for menu, Esc to quit)
g - 2 potions of haste Read which item? (? for menu, Esc to quit)
Identify which item? (\ to view known items) (? for menu, Esc to quit)
As you read the scroll of identify, it crumbles to dust.
f - a potion of mutation Done exploring.
Read which item? (? for menu, Esc to quit)
Okay, then.
Read which item? (? for menu, Esc to quit)
Okay, then.
Drink which item? (? for menu, Esc to quit)
You feel extremely strange.
You feel yourself wasting away.
Your body twists and deforms.
You feel less in control of your magic.
Quiver which item? (- for none, * to show all) (? for menu, Esc to quit)
Okay, then.
Are you sure you want to abandon this character and quit the game? (Confirm with "yes".)

###
################.#
#................#
#.##############.#
#.#
##################
######.##
#@.)..............
........#
#..#...#...#...#..
........#
#_................
).......#
#..#...#...#...#..
........###
#.................
..........#
##################
........#.# #.#
#########.# #.#
#.# #.# #


There were no monsters in sight!

Vanquished Creatures
  An adder (D:2)
  A giant gecko (D:1)
  2 giant cockroaches
  5 goblins
  3 hobgoblins (D:1)
  3 kobolds (D:1)
  8 bats
  2 giant newts (D:2)
  3 rats
28 creatures vanquished.

Notes
Turn   | Place    | Note
--------------------------------------------------------------
     0 | D:1      | Etesian the Merfolk Transmuter began the quest for the Orb.
     0 | D:1      | Reached XP level 1. HP: 15/15 MP: 3/3
   665 | D:1      | Reached XP level 2. HP: 16/21 MP: 5/5
  1736 | D:2      | Found a sacrificial altar of Ru.
  1815 | D:2      | Reached XP level 3. HP: 25/27 MP: 6/6
  1913 | D:2      | Gained mutation: You are partially covered in slimy green scales (AC +2). [potion of beneficial mutation]
  2117 | D:2      | Found a glowing silver altar of Zin.
  2129 | D:2      | Gained mutation: Your body sometimes deteriorates upon taking damage. [potion of mutation]
  2129 | D:2      | Gained mutation: Armour fits poorly on your strangely shaped body. [potion of mutation]
  2129 | D:2      | Gained mutation: Your spells are a little harder to cast, but a little more powerful. [potion of mutation]
  2130 | D:2      | Quit the game

Vault maps used:
D:1:      lemuel_arrival_river_bridge, lemuel_another_geyser
D:2:      lemuel_coloured_pillars_altar, first_bread,
          nicolae_ru_the_path_less_chosen

Skill      XL: |  1  2 |
---------------+-------+-----
Dodging        | 3 |  3.4
Transmutations | 3 |  3.1
Fighting       | |  1.9
Unarmed Combat | |  3.7
Spellcasting   | |  2.1

Action                   || total
-------------------------++-------
Melee: Unarmed           ||   116
       Headbutt          ||     1
 Cast: Beastly Appendage ||     7
  Use: Potion            ||     3
       Scroll            ||     2
 Stab: Sleeping          ||     1
  Eat: Chunk             ||     4
Armor: Robe              ||    21
Dodge: Dodged            ||    92
